 Dungeon Sprint DCSS version 0.29-a0-468-ge57f7f99b4 (webtiles) character file.

Game seed: 6130275997451676184

133 mhtbhm the Skirmisher (level 5, 0/46 HPs)
             Began as a Hill Orc Fighter on May 21, 2022.
             Slain by a human (11 damage)
             ... in the Dungeon (Sprint III: "The Ten Rune Challenge").
             The game lasted 00:00:43 (207 turns).

mhtbhm the Skirmisher (Hill Orc Fighter)             Turns: 207, Time: 00:00:44

Health: 0/46       AC:  9    Str: 21    XL:     5   Next: 16%
Magic:  5/5        EV:  9    Int:  8    God:
Gold:   18         SH:  5    Dex: 12    Spells: 4/4 levels left

rFire   . . .      SeeInvis .   a - +0 war axe
rCold   . . .      Faith    .   c - +0 buckler
rNeg    . . .      Spirit   .   b - +0 scale mail
rPois   .          Reflect  .   (no helmet)
rElec   .          Harm     .   (no cloak)
rCorr   .          Rampage  .   (no gloves)
Will    .....      NoTele   +   (no boots)
Stlth   ..........              (no amulet)
HPRegen 0.15/turn               (no ring)
MPRegen 0.09/turn               (no ring)

@: mighty
A: iridescent scales 1, agile 1, frail 1, evolution 1
a: no special abilities


You were in the Dungeon.
You visited 1 branch You collected 18 gold pieces.

Inventory:

Hand Weapons
 a - a +0 war axe (weapon)
Armour
 b - a +0 scale mail (worn)
 c - a +0 buckler (worn)
Scrolls
 i - a scroll of poison {unknown}
 j - a scroll of blinking
 k - a scroll of summoning {unknown}
 l - 3 scrolls of identify
 o - a scroll of immolation {unknown}
Potions
 e - a potion of curing
 f - a potion of heal wounds
 g - a potion of haste
 h - 2 potions of magic
 m - a potion of resistance {unknown}
 n - 3 potions of flight
 p - 3 potions of mutation


   Skills:
 + Level 7.1 Fighting
 + Level 6.6 Axes
 + Level 6.1 Armour
 + Level 0.1 Dodging
 + Level 6.4 Shields


You had 4 spell levels left.
You didn't know any spells.
Your spell library was empty.

Dungeon Overview and Level Annotations

Branches:
Dungeon (1/1)

Altars:
Okawaru
Trog
Uskayaw
Wu Jian
Beogh


Innate Abilities, Weirdness & Mutations

You are partially covered in iridescent scales. (AC +2)
You are agile. (Dex +2)
You are frail. (-10% HP)
You have hidden genetic potential.


Message History

You closely miss the human. You slash the human! The human misses you.
You block the human's attack.
You slash the human!
The human is severely wounded.
You slash the human! The human closely misses you. The human barely misses you.
The human completely misses you. The human barely misses you.
You hit the human but do no damage.
The human is severely wounded.
You closely miss the human. The human hits you. You block the human's attack.
The human hits you.
You closely miss the human.
The human is severely wounded.
You closely miss the human. The human hits you but does no damage.
You block the human's attack. The human hits you but does no damage.
You hit the human.
The human is severely wounded.
You hit the human. The human hits you!
The human drinks a potion.
The human seems to grow stronger.
The human closely misses you.
You barely miss the human.
The human is severely wounded.
You slash the human! You block the human's attack. The human hits you!
* * * LOW HITPOINT WARNING * * *
You block the human's attack.
You slash the human!
The human is almost dead.
You completely miss the human. The human barely misses you.
You block the human's attack. x2
You completely miss the human.
The human is almost dead.
You miss the human. You block the human's attack. The human hits you!
* * * LOW HITPOINT WARNING * * *
You block the human's attack.
Unknown command.
You feel much better. The human barely misses you. The human hits you. x2
You barely miss the human.
The human is almost dead.
You slash the human! The human hits you. x2
* * * LOW HITPOINT WARNING * * *
The human hits you!
You die...

▓▓▓▓ ▓▓▓ ...♣♣♣ ♣.#
##### .....♣♣ ♣♣.#
#___# ......♣ ♣..#
#pp)#
....≈♣♣♣♣..###+#@###+##
...≈≈♣♣♣.♣.#..........#
..≈≈≈≈..♣..'.⌠........#
..≈≈≈≈≈≈.♣.#...######+#
.≈≈≈≈≈≈....#.⌠.#
.≈≈≈≈≈.....#...#
.†≈≈.......#+###
...........#
...........#


You could see 2 humans.

Vanquished Creatures
  A scorpion (D)
  A water elemental (D)
  A human (D)
  An endoplasm (D)
  3 rats (D)
7 creatures vanquished.

Notes
Turn   | Place    | Note
-------+----------+-------------------------------------------
     0 | D        | mhtbhm the Hill Orc Fighter began the quest for the Orb.
     0 | D        | Reached XP level 1. HP: 19/19 MP: 1/1
     5 | D        | Reached skill level 4 in Fighting
    95 | D        | Noticed a scorpion
   107 | D        | Killed a scorpion
   108 | D        | Reached skill level 6 in Fighting
   108 | D        | Reached skill level 5 in Axes
   108 | D        | Reached skill level 5 in Armour
   108 | D        | Reached skill level 5 in Shields
   108 | D        | Reached XP level 2. HP: 30/30 MP: 2/2
   108 | D        | Reached XP level 3. HP: 37/37 MP: 3/3
   108 | D        | Reached XP level 4. HP: 44/44 MP: 4/4
   160 | D        | Gained mutation: You are partially covered in iridescent
                  | scales. (AC +2) [potion of mutation]
   160 | D        | Gained mutation: You have hidden genetic potential. [potion
                  | of mutation]
   160 | D        | Gained mutation: You are frail. (-10% HP) [potion of
                  | mutation]
   160 | D        | Gained mutation: You are agile. (Dex +2) [potion of
                  | mutation]
   180 | D        | Noticed a water elemental
   188 | D        | Killed a water elemental
   189 | D        | Reached skill level 7 in Fighting
   189 | D        | Reached XP level 5. HP: 39/46 MP: 5/5
   196 | D        | Found a hide-covered altar of Uskayaw.
   196 | D        | Found a roughly hewn altar of Beogh.
   196 | D        | Found an iron altar of Okawaru.
   196 | D        | Found a bloodstained altar of Trog.
   196 | D        | Found an ornate altar of the Wu Jian Council.
   196 | D        | Noticed a human
   196 | D        | Noticed a human
   207 | D        | Slain by a human

Illustrated notes

Levels and vault maps discovered:
D:        dungeon_sprint_mu [sprint_mu_entry_forest, sprint_mu_temple_rooms,
          sprint_mu_d1_horrors, sprint_mu_d2_genie, sprint_mu_d3_branching,
          sprint_mu_orc_legion, sprint_mu_elf_gauntlet, sprint_mu_hive_nellie,
          sprint_mu_lair_fedhas, sprint_mu_vaults_butterflies,
          sprint_mu_slime_circle, sprint_mu_shoals_kraken,
          sprint_mu_snake_twists, sprint_mu_blade_basic,
          sprint_mu_crypt_fortress, sprint_mu_tomb_spiral,
          sprint_mu_vestibule_basic, sprint_mu_gehenna_hellfire,
          sprint_mu_dis_giant, sprint_mu_tartarus_statrot,
          sprint_mu_cocytus_islands, sprint_mu_zot1]

Skill      XL: |  1  2  3  4 |
---------------+-------------+-----
Fighting       | 6 7 |  7.1
Axes           | 5 6 |  6.6
Armour         | 5 6 |  6.1
Shields        | 5 6 |  6.4
Dodging        | |  0.1

Action                   |  1- 3 |  4- 6 || total
-------------------------+-------+-------++-------
Melee: War axe           |    16 |    19 ||    35
  Use: Potion            |     1 |     3 ||     4
Armor: Scale mail        |    10 |     2 ||    12
Dodge: Dodged            |     9 |    12 ||    21
Block: Buckler           |     4 |    10 ||    14

Table legend: (Time is in decaauts)
 A = Elapsed time spent in this place.
 B = Non-inter-level travel time spent in this place.
 C = Inter-level travel time spent in this place.
 D = Time resting spent in this place.
 E = Time spent auto-exploring this place.
 F = Levels seen in this place.
 G = Mean time per level.
                   A        B        C        D        E       F      G
               +--------+--------+--------+--------+--------+-----+--------+
         Total |    229 |    229 |      0 |     68 |      1 |   1 |  229.0 |
       Dungeon |    229 |    229 |      0 |     68 |      1 |   1 |  229.0 |
               +--------+--------+--------+--------+--------+-----+--------+

Top non-repeatable levels by time:
       D: 229 daAuts
